 Dungeon Crawl Stone Soup version 0.30.1-3-gfc49f6343a (webtiles) character file.

Game seed: 8365184873967674617

481 LynnLen the Sneak (level 6, -4/28 HPs)
             Began as a Spriggan Enchanter on Aug 5, 2023.
             Slain by a sickly merfolk siren (6 damage)
             ... in a sewer.
             The game lasted 00:13:31 (4300 turns).

LynnLen the Sneak (Spriggan Enchanter)              Turns: 4300, Time: 00:13:32

Health: -4/28      AC:  3    Str:  4    XL:     6   Next: 87%
Magic:  3/14       EV: 18    Int: 18    God:
Gold:   173        SH:  0    Dex: 16    Spells: 7/15 levels left

rFire   . . .        a - +1 dagger
rCold   . . .        (no shield)
rNeg    . . .        b - +0 robe
rPois   .            (helmet restricted)
rElec   .            n - +0 cloak
rCorr   .            (gloves unavailable)
SInv    +            (boots unavailable)
Will    +....        (no amulet)
Stlth   +++          (no ring)
HPRegen 0.24/turn    (no ring)
MPRegen 0.14/turn

%: no passive effects
@: confusing by touch, very quick
A: very small, no large weapons, unfitting armour, see invisible, speed 3
a: no special abilities


You were in a sewer.
You visited 1 branch of the dungeon, and saw 4 of its levels.
You also visited: Sewer.

You collected 173 gold pieces.

Inventory:

Hand Weapons
 a - a +1 dagger (weapon)
Missiles
 e - 8 poisoned darts
 f - 2 throwing nets
Armour
 b - a +0 robe (worn)
 n - a +0 cloak (worn)
Jewellery
 g - an amulet of faith
Wands
 o - a wand of iceblast (4)
Scrolls
 h - a scroll of magic mapping
 j - a scroll of amnesia {unknown}
 k - a scroll of enchant armour {unknown}
 s - 3 scrolls of silence {unknown}
Potions
 i - a potion of mutation
 l - a potion of attraction
 q - a potion of brilliance {unknown}
 r - a potion of ambrosia {unknown}


   Skills:
 + Level 2.7 Short Blades
 + Level 4.1 Dodging
 + Level 5.8 Stealth
 * Level 5.2 Spellcasting
 * Level 5.7 Hexes
 + Level 1.5 Ice Magic


You had 7 spell levels left.
You knew the following spells:

 Your Spells              Type           Power      Damage    Failure   Level
a - Ensorcelled Hibernat  Hex/Ice        34%        N/A       4%          2
b - Confusing Touch       Hex            25%        N/A       3%          3
c - Tukima's Dance        Hex            25%        N/A       3%          3

Your spell library contained the following spells:

 Spells                   Type           Power      Damage    Failure   Level
 Dazzling Flash           Conj/Hex       30%        N/A       12%         3
 Ozocubu's Armour         Ice            10%        N/A       21%         3
 Vhi's Electric Charge    Tloc/Air       8%         N/A       36%         3
 Metabolic Englaciation   Hex/Ice        8%         N/A       63%         5
 Animate Armour           Summ/Erth      8%         N/A       78%         4
 Arcjolt                  Conj/Air       2%         1d12      98%         5
 Blade Hands              Tmut           2%         N/A       98%         5
 Iron Shot                Conj/Erth      2%         9d2       100%        6
 Plasma Beam              Fire/Air       2%         2x1d13    100%        6
 Simulacrum               Ice/Necr       3%         N/A       100%        6


Dungeon Overview and Level Annotations

Branches:
Dungeon (4/15)              Sewer (1/1)
 Temple: D:4-7

Altars:


Innate Abilities, Weirdness & Mutations

You are very small and have problems with some larger weapons.
You are too small for most types of armour.
You have supernaturally acute eyesight. (SInv)
You cover ground extremely quickly. (Speed+++)


Message History

You punch the sickly merfolk siren, but do no damage.
The sickly merfolk siren is moderately wounded.
The sickly merfolk siren hits you.
* * * LOW HITPOINT WARNING * * *
The adder bites you but does no damage.
You closely miss the sickly merfolk siren.
The sickly merfolk siren is moderately wounded.
The sickly merfolk siren chants a haunting song.
You resist. The adder bites you but does no damage.
You closely miss the sickly merfolk siren.
The sickly merfolk siren is moderately wounded.
The sickly merfolk siren barely misses you.
The adder closely misses you.
Unknown command.
You hit the sickly merfolk siren but do no damage.
The sickly merfolk siren is moderately wounded.
The adder bites you.
* * * LOW HITPOINT WARNING * * *
The sickly merfolk siren closely misses you.
You closely miss the sickly merfolk siren.
The sickly merfolk siren is moderately wounded.
The adder misses you.
The sickly merfolk siren closely misses you.
Unknown command.
You hit the sickly merfolk siren but do no damage.
The sickly merfolk siren is moderately wounded.
The adder misses you. The sickly merfolk siren misses you.
The adder bites you but does no damage.
You closely miss the sickly merfolk siren.
The sickly merfolk siren is moderately wounded.
The adder completely misses you.
The sickly merfolk siren barely misses you.
Unknown command.
You hit the sickly merfolk siren but do no damage.
The sickly merfolk siren is moderately wounded.
The adder misses you.
You barely miss the sickly merfolk siren.
The sickly merfolk siren is moderately wounded.
The sickly merfolk siren hits you.
You die...

#### ######## ##~.##
#~~....#
###~~~.########~..#..#
#∩∩~~~~†.......††.##.#
####################.#
#######≈~≈≈≈≈≈≈S~≈≈≈≈≈...#
~~~~~~~†~~~r..~m@~~.~≈≈..#
~#############..####.~≈†≈##
.# #### ##..~~≈# .# #######
.# ##


You could see a sickly merfolk siren, an adder and a rat.

Vanquished Creatures
  Sigmund (D:3)
  A bullfrog (D:3)
  An orc priest (D:3)
  Ijyb (D:3)
  An iguana (D:4)
  Terence (D:3)
  3 gnolls (D:2)
  3 adders
  A worm (D:3)
  3 dart slugs
  4 orcs (D:3)
  6 endoplasms
  4 giant cockroaches
  8 hobgoblins
  7 jackals
  6 kobolds
  5 quokkas
  5 ball pythons
  7 bats
  4 frilled lizards
  7 goblins
  17 rats
96 creatures vanquished.

Notes
Turn   | Place    | Note
-------+----------+-------------------------------------------
     0 | D:1      | LynnLen the Spriggan Enchanter began the quest for the Orb.
     0 | D:1      | Reached XP level 1. HP: 9/9 MP: 5/5
     2 | D:1      | Noticed an ogre
     4 | D:1      | Noticed a felid
     4 | D:1      | Noticed a minotaur
     6 | D:1      | Noticed a demigod
     6 | D:1      | Noticed a tengu
     8 | D:1      | Noticed a vine stalker
    10 | D:1      | Noticed an octopode
    10 | D:1      | Noticed an armataur
    12 | D:1      | Noticed a naga
    12 | D:1      | Noticed a vampire
    14 | D:1      | Noticed a meteoran
    22 | D:1      | Noticed a demonspawn
    22 | D:1      | Noticed a ghoul
    24 | D:1      | Noticed a human
    24 | D:1      | Noticed a merfolk
    26 | D:1      | Noticed a troll
    26 | D:1      | Noticed an elf
    28 | D:1      | Noticed a gargoyle
    28 | D:1      | Noticed a formicid
    30 | D:1      | Noticed a draconian
    30 | D:1      | Noticed an elf
    32 | D:1      | Noticed a vine stalker
   172 | D:1      | Reached XP level 2. HP: 13/13 MP: 6/6
   678 | D:1      | Reached XP level 3. HP: 15/16 MP: 8/8
   683 | D:1      | Learned a level 2 spell: Ensorcelled Hibernation
   687 | D:1      | Learned a level 3 spell: Confusing Touch
   691 | D:1      | Learned a level 3 spell: Tukima's Dance
  1362 | D:2      | Found a faded altar of an unknown god.
  1861 | D:2      | Reached XP level 4. HP: 20/21 MP: 10/10
  2037 | D:2      | Reached skill level 5 in Stealth
  2511 | D:3      | Noticed Terence
  2516 | D:3      | Killed Terence
  2517 | D:3      | Reached XP level 5. HP: 24/24 MP: 8/12
  2674 | D:3      | Noticed Sigmund
  2682 | D:3      | Killed Sigmund
  2683 | D:3      | Reached skill level 5 in Hexes
  2683 | D:3      | Reached skill level 1 in Ice Magic
  2683 | D:3      | Reached XP level 6. HP: 28/28 MP: 8/14
  2896 | D:3      | Noticed Ijyb
  2905 | D:3      | Killed Ijyb
  3139 | D:3      | Reached skill level 5 in Spellcasting
  3968 | D:4      | Found a glowing drain.
  4004 | Sewer    | Entered a sewer
  4295 | Sewer    | HP: 1/28 [adder (3)]
  4300 | Sewer    | Slain by a sickly merfolk siren

Illustrated notes

Levels and vault maps discovered:
D:1:      kb_arrival_jail, layout_basic
D:2:      layout_basic, chequers_ecumenical_altar_simple_redux, serial_forest,
          infiniplex_forest_straight_5, infiniplex_forest_lined_4_way,
          infiniplex_forest_corner_2, infiniplex_forest_pool,
          infiniplex_forest_lined_2, infiniplex_forest_clump_tiny,
          infiniplex_forest_straight_4
D:3:      layout_basic, uniq_ijyb, uniq_sigmund, uniq_terence
D:4:      layout_basic, grunt_temple_overflow_open,
          lemuel_coloured_pillars_altar, cheibrodos_sewer_entry_drain
Sewer:    sewer_sea

Skill      XL: |  1  2  3  4  5  6 |
---------------+-------------------+-----
Spellcasting   | 3 4 5 |  5.2
Dodging        | 3 4 |  4.1
Hexes          | 4 5 |  5.7
Stealth        | 5 |  5.8
Short Blades   | 2 |  2.7
Ice Magic      | 1 |  1.5

Action                     |  1- 3 |  4- 6 || total
---------------------------+-------+-------++-------
  Melee: Dagger            |   171 |   122 ||   293
         Punch             |       |     1 ||     1
   Cast: Ensorcelled Hiber |     7 |    39 ||    46
         Confusing Touch   |       |     1 ||     1
    Use: Scroll            |     4 |     2 ||     6
         Potion            |     1 |     6 ||     7
   Stab: Sleeping          |    14 |    25 ||    39
 Armour: Robe              |    24 |    18 ||    42
  Dodge: Dodged            |   124 |   106 ||   230
